 Dungeon Crawl Stone Soup version 0.24.0-37-gcf1ca852f1 (webtiles) character file.

Game seed: 8962942248640465780, levelgen mode: deterministic

192 Iskender the Conjurer (level 5, 0/35 HPs)
             Began as a Mummy Wizard on Nov 25, 2019.
             Slain by Crazy Yiuf
             ... wielding a +2 quarterstaff of chaos
              (10 damage)
             ... on level 3 of the Dungeon.
             The game lasted 00:13:13 (2865 turns).

Iskender the Conjurer (Mummy Wizard)                Turns: 2865, Time: 00:13:14

Health: 0/35       AC:  3    Str: 10    XL:     5   Next: 42%
Magic:  0/11       EV: 12    Int: 18    God:
Gold:   132        SH:  0    Dex: 11    Spells: 1/12 levels left

rFire    x . .     SeeInvis .   a - +1 short sword (venom)
rCold    + . .     Gourm    .   (no shield)
rNeg     + + +     Faith    .   d - +0 robe
rPois    ∞         Spirit   .   m - +0 helmet
rElec    .         Reflect  .   (no cloak)
rCorr    .         Harm     .   (no gloves)
MR       .....                  (no boots)
Stlth    ++........             (no amulet)
HPRegen  0.11/turn              (no ring)
MPRegen  0.12/turn              (no ring)

@: very slightly contaminated
A: no food or potions, fire vulnerability, cold resistance 1, negative energy
resistance 3, torment resistance, unbreathing
a: no special abilities


You were on level 3 of the Dungeon.
You were not hungry.

You visited 1 branch of the dungeon, and saw 3 of its levels.

You collected 132 gold pieces.

Inventory:

Hand Weapons
 a - a +1 short sword of venom (weapon)
 f - a +0 dagger of speed
 l - a +0 hunting sling
Missiles
 c - 54 stones
 e - 36 arrows
 h - 19 bolts
 j - 4 boomerangs
 k - 12 poisoned darts (quivered)
Armour
 d - a +0 robe (worn)
 m - a +0 helmet (worn)
Scrolls
 b - a scroll of fog {unknown}
 g - a scroll of identify
 i - a scroll of remove curse
 n - 2 scrolls of teleportation


   Skills:
 - Level 1.5 Dodging
 - Level 1.5 Stealth
 - Level 4.0 Spellcasting
 + Level 4.5 Conjurations
 - Level 0.7 Summonings
 - Level 0.7 Translocations


You had one spell level left.
You knew the following spells:

 Your Spells              Type           Power        Failure   Level  Hunger
a - Magic Dart            Conj           ###.         2%          1    N/A
b - Call Imp              Summ           #.......     17%         2    N/A
d - Conjure Flame         Conj/Fire      ##......     17%         3    N/A
v - Blink                 Tloc           N/A          17%         2    N/A
C - Mephitic Cloud        Conj/Pois/Air  #.......     24%         3    N/A

Your spell library contained the following spells:

 Spells                   Type           Power        Failure   Level  Hunger
 Slow                     Hex            #.......     22%         2    N/A

Dungeon Overview and Level Annotations

Branches:
Dungeon (3/15)

Altars:
Elyvilon
Hepliaklqana
Ru

Annotations:
D:3 Crazy Yiuf


Innate Abilities, Weirdness & Mutations

You do not eat or drink.
Your flesh is vulnerable to fire.
You are immune to poison.
Your flesh is cold resistant. (rC+)
You are immune to negative energy. (rN+++)
You are immune to unholy pain and torment.
You can survive without breathing.


Message History

Press: ? - help, Dir - move target cursor The fire ignites!
Crazy Yiuf is engulfed in blazing flames.
Crazy Yiuf hits you with a +2 quarterstaff of chaos!!
Ouch! That really hurt!
You feel your power leaking away.
Press: ? - help, v - describe, . - travel
Here: Crazy Yiuf, wielding a +2 quarterstaff of chaos, wearing a +0 cloak and carrying a wand of flame (15) (flame, lightly wounded, berserk, fast, unusually strong)
An open translucent door.
You can't drink.
You hit Crazy Yiuf.
Crazy Yiuf is poisoned.
Crazy Yiuf is moderately wounded.
Crazy Yiuf is engulfed in blazing flames.
Crazy Yiuf hits you with a +2 quarterstaff of chaos.
* * * LOW HITPOINT WARNING * * *
You hit Crazy Yiuf.
Crazy Yiuf looks as sick as possible!
Crazy Yiuf is heavily wounded.
Crazy Yiuf is engulfed in blazing flames.
Crazy Yiuf hits you with a +2 quarterstaff of chaos!
You die...

###♣♣♣♣♣
##.#..♣.♣♣♣ ###
##......♣..♣#...#
#......♣♣♣♣@g...#
#...#.♣♣ ♣♣#..)#
#.###♣♣ ### #.#
.. #####.## #.
#......# #.
#.###### #. #.#
#. #.# #.


You could see Crazy Yiuf (berserk).

Vanquished Creatures
  An orc wizard (D:3)
  An iguana (D:2)
  3 adders
  An ooze (D:3)
  4 worms
  2 dart slugs
  3 leopard geckos
  4 orcs (D:3)
  6 giant cockroaches
  4 hobgoblins
  8 kobolds
  4 quokkas
  5 bats
  4 frilled lizards
  15 goblins
  10 rats
75 creatures vanquished.

Vanquished Creatures (collateral kills)
  An adder (D:2)
  3 jackals (D:2)
4 creatures vanquished.

Grand Total: 79 creatures vanquished

Notes
Turn   | Place    | Note
-------+----------+-------------------------------------------
     0 | D:1      | Iskender the Mummy Wizard began the quest for the Orb.
     0 | D:1      | Reached XP level 1. HP: 13/13 MP: 5/5
    53 | D:1      | Reached skill level 1 in Conjurations
   356 | D:1      | Reached XP level 2. HP: 19/19 MP: 2/7
   360 | D:1      | Learned a level 2 spell: Blink
   363 | D:1      | Learned a level 2 spell: Call Imp
   927 | D:1      | Reached XP level 3. HP: 24/24 MP: 5/8
   940 | D:1      | Learned a level 3 spell: Conjure Flame
  1292 | D:2      | Reached XP level 4. HP: 28/30 MP: 3/10
  1619 | D:2      | Found a sacrificial altar of Ru.
  1621 | D:2      | Found a hazy altar of Hepliaklqana.
  1816 | D:2      | Found a white marble altar of Elyvilon.
  1978 | D:2      | Learned a level 3 spell: Mephitic Cloud
  2454 | D:3      | Reached XP level 5. HP: 28/35 MP: 9/11
  2857 | D:3      | Found a runed translucent door.
  2858 | D:3      | Noticed Crazy Yiuf
  2865 | D:3      | Slain by Crazy Yiuf

Levels and vault maps discovered:
D:1:      nicolae_arrival_memento_mori, layout_loops_ring
D:2:      layout_rooms, nicolae_overflow_hidden_temple
D:3:      layout_loops_ring, kennysheep_vampire_church, first_ration,
          uniq_crazy_yiuf_cottage

Skill      XL: |  1  2  3  4 |
---------------+-------------+-----
Conjurations   | 1 2 3 4 |  4.5
Dodging        | |  1.5
Stealth        | |  1.5
Spellcasting   | |  4.0
Summonings     | |  0.7
Translocations | |  0.7

Action                   |  1- 3 |  4- 6 || total
-------------------------+-------+-------++-------
Melee: Unarmed           |     8 |       ||     8
       Short sword       |    13 |    44 ||    57
Throw: Dart              |     1 |    11 ||    12
 Cast: Magic Dart        |    67 |    71 ||   138
       Call Imp          |     1 |     2 ||     3
       Conjure Flame     |       |     1 ||     1
  Use: Scroll            |       |     4 ||     4
 Stab: Sleeping          |     1 |     1 ||     2
Armor: Robe              |    10 |     8 ||    18
Dodge: Dodged            |    24 |    34 ||    58
